 Seeded DCSS version 0.27-a0-1591-gc56fcc985a (webtiles) character file.

Game seed: 5502700152397645798 (custom seed)

9 flotson the Sneak (level 2, 0/24 HPs)
             Began as a Demonspawn Delver on July 19, 2021.
             Slain by Natasha (2 damage)
             ... on level 3 of the Dungeon.
             The game lasted 00:02:11 (281 turns).

flotson the Sneak (Demonspawn Delver)                Turns: 281, Time: 00:02:11

Health: 0/24       AC:  3    Str: 12    XL:     2   Next: 3%
Magic:  2/2        EV:  7    Int: 11    God:
Gold:   9          SH: 11    Dex: 23    Spells: 1/1 levels left

rFire    . . .     SeeInvis .   b - +8 dagger "Aru Zum" {flame, Dex+5}
rCold    + . .     Faith    .   i - +0 tower shield
rNeg     . . .     Spirit   .   j - +0 leather armour
rPois    +         Reflect  .   (helmet restricted)
rElec    .         Harm     .   (no cloak)
rCorr    .         Rampage  .   (no gloves)
Will     .....                  (no boots)
Stlth    +++.......             (no amulet)
HPRegen  0.08/turn              n - ring of Myreabb {+Blink Fly rPois rC+ Dex+4}
MPRegen  0.08/turn              (no ring)

@: flying, hasted, very quick
A: antennae 1
a: Evoke Blink


You were on level 3 of the Dungeon.
You visited 1 branch of the dungeon, and saw 3 of its levels.

You collected 9 gold pieces.

Inventory:

Hand Weapons
 a - a +1 vorpal trident
 b - the +8 dagger "Aru Zum" (weapon) {flame, Dex+5}
   (You found it on level 5 of the Dungeon)

   It burns those it strikes, dealing additional fire damage.
   Dex:       It affects your dexterity (+5).
Armour
 i - a +0 tower shield (worn)
 j - a +0 leather armour (worn)
Jewellery
 n - the ring of Myreabb (left hand) {+Blink Fly rPois rC+ Dex+4}
   (You found it on level 4 of the Dungeon)

   [ring of flight]

   Dex:       It affects your dexterity (+4).
   rC:        It protects you from cold.
   rPois:     It protects you from poison.
   Fly:       It grants you flight.
   +Blink:    It lets you blink.
Wands
 g - a wand of digging (3)
Scrolls
 c - a scroll of fog
 k - 4 scrolls of identify
 l - a scroll of enchant weapon {unknown}
Potions
 d - a potion of berserk rage
 h - 2 potions of ambrosia {unknown}
 m - a potion of curing {unknown}


   Skills:
 + Level 3.1 Fighting
 + Level 1.9 Polearms
 + Level 0.4 Armour
 + Level 1.9 Dodging
 - Level 4.5 Stealth
 + Level 0.4 Shields


You had one spell level left.
You didn't know any spells.
Your spell library contained the following spells:

 Spells                   Type           Power      Damage    Failure   Level
 Gell's Gravitas          Tloc           0%         N/A       100%        3
 Teleport Other           Tloc           0%         N/A       100%        3
 Dispersal                Tloc           0%         N/A       100%        6


Dungeon Overview and Level Annotations

Branches:
Dungeon (5/15)
 Temple: D:4-7

Altars:

Annotations:
D:3 Natasha


Innate Abilities, Weirdness & Mutations

You have a pair of small antennae on your head.


Message History

There is an entrance to a sewer on this level.
Hurry and find it before the portal rusts away!
The eye of devastation turns its gaze towards you.
Found a leather armour and 6 gold pieces.
Found a faded altar of an unknown god.
There is a faded altar of an unknown god here.
The floating eye turns its gaze towards you.
The helpless giant cockroach fails to defend itself.
You impale the giant cockroach!! You burn the giant cockroach.
You kill the giant cockroach!
The orc shouts!
Unknown command.
The golden eye turns its gaze towards you.
The great orb of eyes turns its gaze towards you.
You puncture the orc! You burn the orc.
You kill the orc!
You have reached level 2!
Your demonic ancestry asserts itself...
A pair of antennae grows on your head!
Things that are here:
a +0 mace; an orc corpse
Okay, then.
As you read the scroll labelled YLUK PICZEFO, it crumbles to dust.
It is a scroll of identify.
d - a potion of berserk rage A kobold comes into view.
It is wielding a +0 short sword.
Natasha, Servant of Life and Death comes into view.
Natasha wildly gestures.
Natasha's front paws start to glow.
Natasha casts a spell at you. You resist with significant effort.
The kobold shouts!
Natasha growls.
You feel yourself speed up.
Natasha stares at you and mumbles some strange words.
The magic dart hits you.
* * * LOW HITPOINT WARNING * * *
Natasha claws you.
* * * LOW HITPOINT WARNING * * *
You completely miss Natasha. Natasha claws you.
You die...

#.# #.. #.. #.#
#.# #.# #.# .#
#.# .# #@# .#
#h##.####
#K#.....
####.#..###.#
#...........#
#.###...###.#
#.#G#...#G# .#
#.###...###..##
#..............


You could see Natasha and a kobold.

Vanquished Creatures
  An ufetubus (D:4)
  An orc (D:3)
  A giant cockroach (D:3)
3 creatures vanquished.

Notes
Turn   | Place    | Note
-------+----------+-------------------------------------------
     0 | D:5      | flotson the Demonspawn Delver began the quest for the Orb.
     0 | D:5      | Reached XP level 1. HP: 18/18 MP: 1/1
    10 | D:5      | Noticed a black bear
    17 | D:5      | Noticed an ice beast
    17 | D:5      | Noticed a centaur
    77 | D:5      | Identified the +8 dagger "Aru Zum" {flame, Dex+5}
   221 | D:4      | Identified the ring of Myreabb {+Blink Fly rPois rC+ Dex+4}
   254 | D:3      | Noticed a golden eye
   254 | D:3      | Noticed a floating eye
   254 | D:3      | Noticed a great orb of eyes
   254 | D:3      | Noticed an eye of devastation
   254 | D:3      | Found a faded altar of an unknown god.
   265 | D:3      | Gained mutation: You have a pair of small antennae on your
                  | head. [demonic ancestry]
   265 | D:3      | Reached XP level 2. HP: 9/24 MP: 2/2
   268 | D:3      | Noticed Natasha
   281 | D:3      | Slain by Natasha

Illustrated notes

Levels and vault maps discovered:
D:3:      layout_loops_ring, hellmonk_ecumenical_altar_watching_god,
          cheibrodos_sewer_entry_drain, minmay_shallow_snake_nest, uniq_natasha
D:4:      minmay_goblin_kobold_castle, layout_cave_pools, abandoned_shop
D:5:      layout_basic, nzn_hepliaklqana_mist_gate

Action                   || total
-------------------------++-------
Melee: Dagger            ||    10
  Use: Scroll            ||     3
       Potion            ||     1
 Stab: Sleeping          ||     1
Armor: Leather armour    ||     5
Dodge: Dodged            ||     3
Block: Tower shield      ||     8

Table legend: (Time is in decaauts)
 A = Elapsed time spent in this place.
 B = Non-inter-level travel time spent in this place.
 C = Inter-level travel time spent in this place.
 D = Time resting spent in this place.
 E = Time spent auto-exploring this place.
 F = Levels seen in this place.
 G = Mean time per level.
                   A        B        C        D        E       F      G
               +--------+--------+--------+--------+--------+-----+--------+
         Total |    283 |    283 |      0 |      0 |    106 |   3 |   94.3 |
       Dungeon |    283 |    283 |      0 |      0 |    106 |   3 |   94.3 |
               +--------+--------+--------+--------+--------+-----+--------+

Top non-repeatable levels by time:
     D:4: 155 daAuts
     D:5: 100 daAuts
     D:3: 27 daAuts
